 Dungeon Crawl Stone Soup version 0.30.0-15-g856e2d3f33 (webtiles) character file.

Game seed: 15002538450961373403

49 dolemite99 the Cudgeller (level 3, 0/23 HPs)
             Began as a Gargoyle Monk on May 19, 2023.
             Slain by a cerulean imp
             ... wielding a +2 spear
             ... summoned by Natasha
              (2 damage)
             ... on level 2 of the Dungeon.
             The game lasted 00:01:02 (788 turns).

dolemite99 the Cudgeller (Gargoyle Monk)             Turns: 788, Time: 00:01:02

Health: 0/23       AC: 13    Str: 14 (16) XL:     3   Next: 75%
Magic:  3/3        EV:  3    Int:  7 (10) God:
Gold:   60         SH:  0    Dex:  9 (12) Spells: 2/2 levels left

rFire   . . .        a - +0 mace
rCold   . . .        d - orb {light}
rNeg    + . .        i - +0 plate armour
rPois   ∞            (no helmet)
rElec   +            (no cloak)
rCorr   .            (no gloves)
SInv    .            (no boots)
Will    .....        (no amulet) Stlth
                     (no ring)
HPRegen 0.23/turn    (no ring)
MPRegen 0.08/turn

%: no passive effects
@: slowed, glowing, very slow
A: sickness immunity, AC +3, negative energy resistance 1, electricity
resistance, torment resistance 1, petrification resistance
a: no special abilities


You were on level 2 of the Dungeon.
You visited 1 branch of the dungeon, and saw 2 of its levels.

You collected 60 gold pieces.

Inventory:

Hand Weapons
 a - a +0 mace (weapon)
Armour
 d - an orb of light (worn)
 g - a +0 chain mail
 i - a +0 plate armour (worn)
Scrolls
 h - a scroll of torment {unknown}
 j - a scroll of teleportation {unknown}
Potions
 c - a potion of ambrosia
 f - a potion of degeneration


   Skills:
 - Level 3.2 Fighting
 + Level 4.6 Maces & Flails
 - Level 2.4 Dodging


You had 2 spell levels left.
You didn't know any spells.
Your spell library was empty.

Dungeon Overview and Level Annotations

Branches:
Dungeon (2/15)

Altars:

Annotations:
D:2 Natasha


Innate Abilities, Weirdness & Mutations

You are immune to sickness and miasma.
Your stone body is resilient. (AC +3)
You are immune to poison.
You resist negative energy. (rN+)
You are resistant to electric shocks. (rElec)
You are resistant to unholy torment.
You are immune to petrification.


Message History

Natasha barely misses you. Natasha casts a spell at you.
The magic dart hits you.
* * * LOW HITPOINT WARNING * * *
You feel better. Natasha barely misses you.
You hit Natasha.
Natasha is lightly wounded.
Natasha barely misses you. Natasha claws you.
You hit Natasha.
Natasha is lightly wounded.
Natasha howls an incantation.
You feel troubled.
Natasha claws you but does no damage. x2
You hit Natasha.
Natasha is moderately wounded.
Natasha claws you.
You barely miss Natasha.
Natasha is moderately wounded.
Natasha claws you but does no damage. x2
You hit Natasha.
Natasha is heavily wounded.
Natasha claws you but does no damage.
Natasha casts a spell.
You hit Natasha but do no damage.
Natasha is heavily wounded.
Natasha completely misses you. Natasha claws you but does no damage.
The cerulean imp hits you from afar with a +2 spear.
You hit Natasha.
Natasha is heavily wounded.
Natasha claws you.
* * * LOW HITPOINT WARNING * * *
The cerulean imp hits you but does no damage.
Natasha claws you but does no damage.
You hit Natasha.
Natasha is severely wounded.
The cerulean imp hits you from afar with a +2 spear.
* * * LOW HITPOINT WARNING * * *
Natasha completely misses you.
The cerulean imp hits you from afar with a +2 spear.
You die...

## ###)##
#........##
.# #...#
##......##
... #.###
#<>#####
#.. #.#
##.# #..
#.# #.#
#.##..##.#
#.###
#.....†#5#
#...#
#.h.####
###.#
##.#@...#
#.#
#.......#
##.#
#.#.....#
#..#
#.#.....#
#.##
..#.!...#
#.# #.
......# #.#
...##....#
#.# #
#....# #.#
#....# #.#


You could see Natasha and a cerulean imp (summoned).

Vanquished Creatures
  Natasha (D:2)
  2 dart slugs (D:1)
  2 endoplasms (D:1)
  2 goblins
  2 hobgoblins (D:1)
  3 quokkas (D:1)
  2 ball pythons (D:1)
  A bat (D:1)
  4 kobolds
  A rat (D:1)
20 creatures vanquished.

Notes
Turn   | Place    | Note
-------+----------+-------------------------------------------
     0 | D:1      | dolemite99 the Gargoyle Monk began the quest for the Orb.
     0 | D:1      | Reached XP level 1. HP: 14/14 MP: 1/1
   267 | D:1      | Reached XP level 2. HP: 19/19 MP: 2/2
   549 | D:1      | Reached skill level 4 in Maces & Flails
   735 | D:2      | Reached XP level 3. HP: 23/23 MP: 3/3
   745 | D:2      | Noticed Natasha
   760 | D:2      | Killed Natasha
   770 | D:2      | Noticed Natasha
   788 | D:2      | Slain by a cerulean imp

Illustrated notes

Levels and vault maps discovered:
D:1:      dpeg_arrival_snail, layout_basic
D:2:      layout_rooms, hellmonk_ecumenical_altar_zigzags, uniq_natasha,
          uniq_crazy_yiuf_cottage, uniq_sigmund, uniq_terence

Skill      XL: |  1  2 |
---------------+-------+-----
Maces & Flails | 4 |  4.6
Fighting       | |  3.2
Dodging        | |  2.4

Action                     || total
---------------------------++-------
  Melee: Mace              ||    73
    Use: Potion            ||     2
 Armour: Chain mail        ||     6
         Plate armour      ||    49
  Dodge: Dodged            ||    26
